 Dungeon Crawl Stone Soup version 0.30.0 (webtiles) character file.

Game seed: 7994475045110180205

33 samcosmo the Grasshopper (level 3, 0/22 HPs)
             Began as a Gargoyle Warper on July 3, 2023.
             Slain by a gnoll
             ... wielding a +0 spear
              (2 damage)
             ... on level 2 of the Dungeon.
             The game lasted 00:02:36 (949 turns).

samcosmo the Grasshopper (Gargoyle Warper)           Turns: 949, Time: 00:02:36

Health: 0/22       AC:  6    Str: 16    XL:     3   Next: 29%
Magic:  6/6        EV: 11    Int: 13    God:
Gold:   38         SH:  0    Dex:  9    Spells: 4/6 levels left

rFire   . . .        a - +0 mace
rCold   . . .        (no shield)
rNeg    + . .        b - +0 leather armour
rPois   ∞            (no helmet)
rElec   +            (no cloak)
rCorr   .            (no gloves)
SInv    .            (no boots)
Will    .....        (no amulet)
Stlth   +            (no ring)
HPRegen 0.23/turn    (no ring)
MPRegen 0.10/turn

%: no passive effects
@: no status effects
A: sickness immunity, AC +3, negative energy resistance 1, electricity
resistance, torment resistance 1, petrification resistance
a: no special abilities


You were on level 2 of the Dungeon.
You visited 1 branch of the dungeon, and saw 2 of its levels.

You collected 38 gold pieces.

Inventory:

Hand Weapons
 a - a +0 mace (weapon)
Missiles
 d - 7 boomerangs of dispersal (quivered)
Armour
 b - a +0 leather armour (worn)
Scrolls
 c - 3 scrolls of blinking
 e - a scroll of silence {unknown}
 h - a scroll of immolation {unknown}
 j - a scroll of identify {unknown}
Potions
 f - a potion of lignification {unknown}
 g - a potion of curing {unknown}
 i - a potion of heal wounds {unknown}
 k - a potion of berserk rage {unknown}


   Skills:
 + Level 2.6 Fighting
 + Level 2.3 Maces & Flails
 - Level 0.8 Throwing
 - Level 1.1 Armour
 - Level 1.5 Dodging
 + Level 2.3 Spellcasting
 * Level 3.2 Translocations


You had 4 spell levels left.
You knew the following spells:

 Your Spells              Type           Power      Damage    Failure   Level
a - Blink                 Tloc           18%        N/A       12%         2

Your spell library contained the following spells:

 Spells                   Type           Power      Damage    Failure   Level
 Lesser Beckoning         Tloc           18%        N/A       12%         2
 Teleport Other           Tloc           9%         N/A       24%         3
 Vhi's Electric Charge    Tloc/Air       10%        N/A       43%         3
 Manifold Assault         Tloc           9%         N/A       61%         4


Dungeon Overview and Level Annotations

Branches:
Dungeon (2/15)

Altars:


Innate Abilities, Weirdness & Mutations

You are immune to sickness and miasma.
Your stone body is resilient. (AC +3)
You are immune to poison.
You resist negative energy. (rN+)
You are resistant to electric shocks. (rElec)
You are resistant to unholy torment.
You are immune to petrification.


Message History

The gnoll shouts!
The gnoll hits you from afar with a +0 spear.
You hit the gnoll but do no damage. The gnoll closely misses you.
The gnoll hits you with a +0 spear. The gnoll hits you with a +0 spear.
The gnoll completely misses you.
You see here a hobgoblin corpse.
Okay, then.
Casting: Blink (safe; 12% risk of failure)
Confirm with . or Enter, or press ? or * to list all spells.
You blink.
The gnoll hits you from afar with a +0 spear.
The gnoll closely misses you. The gnoll misses you.
The gnoll hits you from afar with a +0 spear.
You feel stable enough to blink again.
There is a stone staircase leading down here.
There is a stone staircase leading up here.
You climb upwards.
There is a stone staircase leading down here.
You start resting.
HP restored.
You climb downwards.
The gnoll hits you from afar with a +0 spear.
There is a stone staircase leading up here.
The gnoll hits you from afar with a +0 spear.
The gnoll hits you but does no damage.
The gnoll hits you from afar with a +0 spear.
The gnoll closely misses you. The gnoll hits you with a +0 spear!
* * * LOW HITPOINT WARNING * * *
The gnoll completely misses you.
You sock the gnoll!
The gnoll is severely wounded.
The gnoll hits you from afar with a +0 spear.
* * * LOW HITPOINT WARNING * * *
The gnoll closely misses you. x2
The gnoll hits you from afar with a +0 spear.
* * * LOW HITPOINT WARNING * * *
The gnoll hits you from afar with a +0 spear.
You die...

##..(.. #..... # #...#
#. #†..# #.##...#
#......# ###....#
#######.<..###########
..........ggg.@.......
####......g##########.
#.##..#.# ####.##..#.#
.........#.#
####.##g##.# #.##.##.#
#.......# ####.####


You could see 4 gnolls.

Vanquished Creatures
  A dart slug (D:1)
  5 endoplasms
  2 giant cockroaches (D:1)
  4 hobgoblins
  4 kobolds (D:1)
  A quokka (D:1)
  3 ball pythons (D:1)
  3 bats (D:1)
  2 frilled lizards
  3 goblins (D:1)
  2 rats (D:1)
30 creatures vanquished.

Notes
Turn   | Place    | Note
-------+----------+-------------------------------------------
     0 | D:1      | samcosmo the Gargoyle Warper began the quest for the Orb.
     0 | D:1      | Reached XP level 1. HP: 12/12 MP: 3/3
   104 | D:1      | Reached XP level 2. HP: 18/18 MP: 5/5
   137 | D:1      | Reached skill level 3 in Translocations
   369 | D:1      | Reached XP level 3. HP: 22/22 MP: 6/6
   372 | D:1      | Learned a level 2 spell: Blink
   948 | D:2      | HP: 1/22 [gnoll/+0 spear (1)]
   949 | D:2      | Slain by a gnoll

Illustrated notes

Levels and vault maps discovered:
D:1:      wander_arrival_estate, layout_basic, dreamdust_princess_corridor,
          minmay_tetromino_t2
D:2:      layout_loops_ring

Skill      XL: |  1  2 |
---------------+-------+-----
Translocations | 3 |  3.2
Fighting       | |  2.6
Maces & Flails | |  2.3
Throwing       | |  0.8
Armour         | |  1.1
Dodging        | |  1.5
Spellcasting   | |  2.3

Action                     || total
---------------------------++-------
  Melee: Mace              ||    94
   Cast: Blink             ||     1
 Armour: Leather armour    ||    38
  Dodge: Dodged            ||    72
